 Dungeon Crawl Stone Soup version 0.30.0-15-g856e2d3f33 (webtiles) character file.

Game seed: 1899394982297077799

91 georg74 the Ducker (level 4, -1/44 HPs)
             Began as a Troll Fighter on May 19, 2023.
             Killed from afar by Natasha (2 damage)
             ... with a magic dart
             ... on level 2 of the Dungeon.
             The game lasted 00:13:01 (650 turns).

georg74 the Ducker (Troll Fighter)                   Turns: 650, Time: 00:13:03

Health: -1/44      AC:  4    Str: 26    XL:     4   Next: 33%
Magic:  3/3        EV:  9    Int:  4    God:
Gold:   72         SH:  8    Dex:  9    Spells: 3/3 levels left

rFire   . . .        d - +0 sling
rCold   . . .        b - +0 kite shield
rNeg    . . .        a - +0 robe
rPois   .            (helmet restricted)
rElec   .            (no cloak)
rCorr   .            (gloves unavailable)
SInv    .            (boots unavailable)
Will    .....        (no amulet)
Stlth   +            (no ring)
HPRegen 1.07/turn    (no ring)
MPRegen 0.08/turn

%: no passive effects
@: slowed, very slow
A: large, unfitting armour, claws 3, regeneration 1, shaggy fur 1, tough skin 1
a: no special abilities


You were on level 2 of the Dungeon.
You visited 1 branch of the dungeon, and saw 3 of its levels.

You collected 72 gold pieces.

Inventory:

Hand Weapons
 d - a +0 sling (weapon)
 f - a +0 hand axe
 g - a +0 dagger
Armour
 a - a +0 robe (worn)
 b - a +0 kite shield (worn)
 h - a +0 ring mail
Potions
 c - a potion of might
 e - a potion of heal wounds {unknown}


   Skills:
 + Level 2.7 Fighting
 + Level 3.4 Dodging
 + Level 3.3 Shields
 + Level 2.4 Unarmed Combat


You had 3 spell levels left.
You didn't know any spells.
Your spell library was empty.

Dungeon Overview and Level Annotations

Branches:
Dungeon (3/15)

Altars:

Annotations:
D:2 Natasha
D:3 Ijyb


Innate Abilities, Weirdness & Mutations

You are too large for most types of armour.
You have claws for hands.
Your natural rate of healing is unusually fast.
You are covered in fur. (AC +1)
You have tough skin. (AC +1)


Message History

The cerulean imp hits you but does no damage.
Natasha claws you.
The cerulean imp hits you with a +0 spear.
You hit the cerulean imp.
The cerulean imp is heavily wounded.
You closely miss Natasha. Natasha closely misses you.
You block the cerulean imp's attack. Natasha claws you.
The cerulean imp hits you with a +0 spear.
You are too injured to fight recklessly!
You are too injured to fight recklessly!
You are too injured to fight recklessly!
You are too injured to fight recklessly!
You are too injured to fight recklessly!
You are too injured to fight recklessly!
You are too injured to fight recklessly!
You are too injured to fight recklessly!
Natasha mumbles some strange words.
The cerulean imp hits you from afar with a +0 spear.
The cerulean imp barely misses you. Natasha closely misses you.
The cerulean imp barely misses you. The cerulean imp closely misses you.
The cerulean imp hits you but does no damage.
Natasha claws you.
The cerulean imp hits you but does no damage. x2
Natasha attacks as you move away! Natasha claws you.
* * * LOW HITPOINT WARNING * * *
The cerulean imp hits you from afar with a +2 spear.
* * * LOW HITPOINT WARNING * * *
You block Natasha's attack.
You are too injured to fight recklessly!
You are too injured to fight recklessly!
d - a +0 sling (weapon)
You block the cerulean imp's attack.
The cerulean imp hits you from afar with a +2 spear.
* * * LOW HITPOINT WARNING * * *
You are too injured to fight recklessly!
The cerulean imp hits you from afar with a +2 spear.
* * * LOW HITPOINT WARNING * * *
Natasha casts a spell at you. The magic dart hits you.
You die...

..# #.#..# # #.# ..##.#
#.#.#.#. #.# ..##.. ###
#.#.##.# #.# .###.#
##.###.#.##.######.# ##
#.# #..................#
####.##
##...##...##.########
......# #.###........#
####..#######..#........##
..............5h@.......#
####...รท.........##...###
###...#.......?5......#
....#.........##.###.##
###...#.########.# #.#
##...... ... ..# ####.###
#.##### #.# #.# #.#


You could see Natasha and 2 cerulean imps.

Vanquished Creatures
  Natasha (twice) (D:2)
  2 adders
  2 orcs (D:3)
  2 bats (D:2)
  4 endoplasms
  A giant cockroach (D:2)
  A goblin (D:2)
  3 jackals (D:2)
  A quokka (D:3)
  A ball python (D:2)
  3 rats (D:3)
22 creatures vanquished.

Notes
Turn   | Place    | Note
-------+----------+-------------------------------------------
     0 | D:1      | georg74 the Troll Fighter began the quest for the Orb.
     0 | D:1      | Reached XP level 1. HP: 22/22 MP: 0/0
    91 | D:3      | Reached XP level 2. HP: 29/29 MP: 1/1
   111 | D:2      | Noticed Natasha
   119 | D:2      | Killed Natasha
   120 | D:2      | Reached XP level 3. HP: 21/36 MP: 2/2
   120 | D:2      | Noticed Natasha
   301 | D:2      | Killed Natasha
   302 | D:2      | Reached XP level 4. HP: 35/44 MP: 3/3
   383 | D:2      | Noticed Natasha
   405 | D:2      | You fall into a shaft and drop 1 floor!
   456 | D:3      | Noticed Ijyb
   650 | D:2      | HP: 1/44 [cerulean imp/+2 spear[Natasha] (5)]
   650 | D:2      | Killed from afar by Natasha

Illustrated notes

Levels and vault maps discovered:
D:1:      dpeg_arrival_ratfight, layout_rooms, hangedman_decor_push
D:2:      layout_loops_ring, uniq_natasha, uniq_crazy_yiuf_cottage
D:3:      kennysheep_the_goblin_king, layout_rooms, mainiacjoe_overflow_paths

Skill      XL: |  1  2  3 |
---------------+----------+-----
Dodging        | 3 |  3.4
Shields        | 3 |  3.3
Fighting       | |  2.7
Unarmed Combat | |  2.4

Action                     |  1- 3 |  4- 6 || total
---------------------------+-------+-------++-------
  Melee: Unarmed           |    43 |    11 ||    54
         Dagger            |       |    28 ||    28
         Hand axe          |       |    17 ||    17
   Fire: Sling             |       |     8 ||     8
    Use: Scroll            |     1 |     1 ||     2
 Armour: Robe              |    16 |    43 ||    59
  Dodge: Dodged            |    29 |    38 ||    67
  Block: Kite shield       |    31 |    26 ||    57
